Unix NetHack Version 5.0.0-0 post-release - last build May 31 2026 23:59:36 (970b52f25bf058293b47ddfd14a1e40e571c508c,branch:main).

Game began 2026-06-04 14:39:32, ended 2026-06-04 14:49:17.

DiePARTEI, neutral male human Tourist

      -..
      ....
      <.....-  .).
      -.........@.
      ------.....f
           --....-

DiePARTEI the Sightseer     St:6 Dx:10 Co:17 In:15 Wi:9 Ch:13  Neutral
Dlvl:5  $:510 HP:0(31) Pw:7(7) AC:10 Xp:3 T:1373 

Latest messages:
 Where do you want to travel to?
 (For instructions type a '?')
 In what direction? 4
 The dart hits the floating eye.
 In what direction? 4
 The dart hits the floating eye.
 In what direction? 4
 The dart hits the floating eye.
 In what direction? 4
 You kill the floating eye!
 Your kitten eats a floating eye corpse.
 You swap places with your kitten.
 You see here 4 +2 darts.
 a - 4 +2 darts (at the ready) (21 in total).
 You swap places with your kitten.
 You swap places with your kitten.
 You hit the acid blob.
 Your hands no longer glow so brightly red.
 The acid blob appears confused.
 You are splashed by the acid blob's acid!
 You hit the acid blob.
 You hit the acid blob.
 You kill the acid blob!
 You are splashed by the acid blob's acid!
 You descend the stairs.
 The kitten misses it.
 The kitten bites it.
 It bites the gnome.
 The gnome is killed!
 C - 11 darts.
 D - a scroll labeled ETAOIN SHRDLU.
 You swap places with your kitten.
 You swap places with your kitten.
 You are hit by a crossbow bolt.
 You are hit by a crossbow bolt.
 The kitten misses the gnome lord.
 You hit the gnome lord.
 Your hands no longer glow so brightly red.
 The gnome lord appears confused.
 The kitten bites the gnome lord.
 The gnome lord is killed!
 You are hit by a crossbow bolt.
 You are hit by a crossbow bolt!
 Your kitten eats a gnome lord corpse.
 You are hit by a crossbow bolt!
 You hear the howling of the CwnAnnwn...
 You are hit by a crossbow bolt.
 You die...
 Do you want your possessions identified? [ynq] (y) y
 Do you want to see your attributes? [ynq] (y) q

Inventory:
 Coins    ('$')
  $ - 510 gold pieces
 Weapons  (')')
  a - 21 +2 darts (at the ready)
  C - 11 +0 darts
  r - a blessed +0 two-handed sword
 Armor    ('[')
  x - a cursed rustproof +0 orcish helm named cursed
  l - an uncursed +0 Hawaiian shirt with a toucan motif (being worn)
 Comestibles  ('%')
  g - an uncursed slime mold
  f - an uncursed candy bar labeled "Crispy Yum Yum"
  b - 4 uncursed food rations
  e - an uncursed fortune cookie
  d - 3 uncursed tripe rations
  i - an uncursed tin of french fried kobold meat
  c - 3 uncursed eggs
 Scrolls  ('?')
  v - an uncursed scroll of blank paper
  t - an uncursed scroll of confuse monster
  D - an uncursed scroll of create monster
  A - an uncursed scroll of gold detection
  u - a cursed scroll of identify
  k - 4 uncursed scrolls of magic mapping
 Spellbooks  ('+')
  p - an uncursed spellbook of healing
  s - an uncursed spellbook of healing
  z - an uncursed spellbook of turn undead
 Potions  ('!')
  o - an uncursed potion of healing
 Tools    ('(')
  n - an uncursed credit card
  m - an expensive camera (0:42)
 Gems/Stones  ('*')
  q - an uncursed worthless piece of green glass
  B - an uncursed worthless piece of white glass

DiePARTEI the Tourist's attributes:

Background:
 You were a Sightseer, a level 3 male human Tourist.
 You were neutral, nominally on a mission for The Lady
 who was opposed by Blind Io (lawful) and Offler (chaotic).
 You were right-handed.
 You were in the Gnomish Mines, on level 5.
 You entered the dungeon 1373 turns ago.
 You had 59 experience points, 21 more were needed to attain level 4.

Basics:
 You had 0 out of 31 hit points.
 You had all 7 energy points (spell power).
 Your armor class was 10.
 Your wallet contained 510 zorkmids.
 Autopickup was off.

Final Characteristics:
 Your strength was 6 (peak:11, limit:18/100).
 Your dexterity was 10 (limit:18).
 Your constitution was 17 (limit:18).
 Your intelligence was 15 (limit:18).
 Your wisdom was 9 (limit:18).
 Your charisma was 13 (limit:18).

Final Status:
 You weren't hungry.
 You were unencumbered.
 You were bare handed.
 You were unskilled in bare handed combat.

Final Attributes:
 You were fervently aligned.
 You would have confused monsters when hitting them.
 You are dead.

Miscellaneous:
 You didn't encounter any bones levels.
 Total elapsed playing time was 9 minutes and 44 seconds.

Major events:
 Turn
    1: DiePARTEI the neutral male human Tourist entered the dungeon
 1303: attained the rank of Sightseer (level 3)
 1359: entered the Gnomish Mines
 1373: killed by a crossbow bolt

Spells:
 Name                 Level Category     Fail Retention
 healing                1   healing       11%  76%-100%

Skills:
 Fighting Skills
   bare handed combat [Unskilled]
   two weapon combat  [Unskilled]
   riding             [Unskilled]
 Weapon Skills
   dagger             [Unskilled]
   knife              [Unskilled]
   axe                [Unskilled]
   pick-axe           [Unskilled]
   short sword        [Unskilled]
   broadsword         [Unskilled]
   long sword         [Unskilled]
   two-handed sword   [Unskilled]
   saber              [Unskilled]
   mace               [Unskilled]
   morning star       [Unskilled]
   flail              [Unskilled]
   hammer             [Unskilled]
   quarterstaff       [Unskilled]
   polearms           [Unskilled]
   spear              [Unskilled]
   trident            [Unskilled]
   lance              [Unskilled]
   bow                [Unskilled]
   sling              [Unskilled]
   crossbow           [Unskilled]
   dart               [Basic]
   shuriken           [Unskilled]
   boomerang          [Unskilled]
   whip               [Unskilled]
   unicorn horn       [Unskilled]
 Spellcasting Skills
   divination spells  [Unskilled]
   enchantment spells [Unskilled]
   escape spells      [Unskilled]

Voluntary challenges:
 Character rerolling was not enabled.
 You were an atheist.
 You never hit with a wielded weapon.
 You never genocided any monsters.
 You never polymorphed an object.
 You never changed form.
 You used no wishes.
Achievements:
 You attained the rank of Sightseer.
 You entered the Gnomish Mines.

 The Dungeons of Doom: levels 1 to 5
    Level 1:
       A fountain.
    Level 2:
    Level 3:
       A sink.
    Level 4:
       A fountain.
       Stairs down to The Gnomish Mines.
    Level 5:
       A fountain.
 The Gnomish Mines:
    Level 5: <- You were here.
       Final resting place for
          you, killed by a crossbow bolt.


Vanquished creatures:
  a gnome leader
  a floating eye
 an acid blob
  a gas spore
  a hobgoblin
  a giant rat
  a brown mold
  a gnome
  a gecko
  5 jackals
  a kobold
  5 grid bugs
  2 lichens
  2 newts
24 creatures vanquished.

No species were genocided or became extinct.

Game over:
                       ----------
                      /          \
                     /    REST    \
                    /      IN      \
                   /     PEACE      \
                  /                  \
                  |    DiePARTEI     |
                  |      510 Au      |
                  |   killed by a    |
                  |  crossbow bolt   |
                  |                  |
                  |                  |
                  |       2026       |
                 *|     *  *  *      | *
        _________)/\\_//(\/(/\)/\//\/|_)_______

Aloha DiePARTEI the Tourist...

You died in The Gnomish Mines on dungeon level 5 with 550 points,
and 510 pieces of gold, after 1373 moves.
You were level 3 with a maximum of 31 hit points when you died.

